 Dungeon Crawl Stone Soup version 0.28.0 (webtiles) character file.

Game seed: 14777824065812410304

1429 Akaron the Digger (level 8, -3/47 HPs)
             Began as an Octopode Earth Elementalist on Feb 6, 2022.
             Slain by a two-headed ogre (32 damage)
             ... on level 6 of the Dungeon.
             The game lasted 00:13:37 (5915 turns).

Akaron the Digger (Octopode Earth Elementalist)     Turns: 5915, Time: 00:13:37

Health: -3/47      AC:  1    Str:  7    XL:     8   Next: 73%
Magic:  7/16       EV: 18    Int: 20    God:
Gold:   204        SH:  0    Dex: 12    Spells: 8/18 levels left

rFire   . . .      SeeInvis .   g - +0 hand axe
rCold   + . .      Faith    .   (no shield)
rNeg    . . .      Spirit   .   (helmet restricted)
rPois   .          Reflect  .   (no amulet)
rElec   .          Harm     .   i - ring of flight
rCorr   +          Rampage  .   q - ring of resist corrosion
Will    +....                   r - ring of willpower
Stlth   +++.......              t - +4 ring of evasion
HPRegen 0.15/turn               u - ring of protection from cold
MPRegen 0.15/turn               (no ring)
                                (no ring)
                                (no ring)

@: flying
A: almost no armour, amphibious, 8 rings, camouflage 1, gelatinous body 1,
(nimble swimmer 1), tentacles
a: no special abilities


You were on level 6 of the Dungeon.
You visited 1 branch of the dungeon, and saw 6 of its levels.

You collected 204 gold pieces.

Inventory:

Hand Weapons
 g - a +0 hand axe (weapon)
 n - a +1 antimagic dagger
Missiles
 o - 3 atropa-tipped darts
 y - 12 stones
 z - 4 poisoned darts
Jewellery
 i - a ring of flight (left tentacle)
 q - a ring of resist corrosion (right tentacle)
 r - a ring of willpower (on tentacle)
 t - a +4 ring of evasion (on tentacle)
 u - a ring of protection from cold (on tentacle)
Scrolls
 a - 5 scrolls of vulnerability
 e - 2 scrolls of identify {unknown}
 j - a scroll of amnesia {unknown}
 k - 2 scrolls of torment
 l - a scroll of fear {unknown}
 m - 2 scrolls of teleportation {unknown}
 p - a scroll of noise {unknown}
 s - 2 scrolls of immolation {unknown}
 v - a scroll of blinking {unknown}
 w - a scroll of fog {unknown}
Potions
 b - a potion of might {unknown}
 c - 2 potions of heal wounds {unknown}
 d - a potion of lignification {unknown}
 f - 3 potions of resistance {unknown}
 h - a potion of ambrosia {unknown}
 x - a potion of attraction {unknown}


   Skills:
 + Level 0.4 Fighting
 * Level 4.4 Dodging
 - Level 3.0 Stealth
 + Level 5.6 Spellcasting
 * Level 4.9 Conjurations
 + Level 1.0 Transmutations
 + Level 6.2 Earth Magic


You had 8 spell levels left.
You knew the following spells:

 Your Spells              Type           Power      Damage    Failure   Level
a - Sandblast             Erth           60%        2d14      1%          1
b - Passwall              Tmut/Erth      16%        N/A       3%          2
c - Stone Arrow           Conj/Erth      56%        3d10      3%          3
d - Petrify               Tmut/Erth      20%        N/A       24%         4

Your spell library contained the following spells:

 Spells                   Type           Power      Damage    Failure   Level
 Corpse Rot               Necr/Air       10%        N/A       16%         2
 Ensorcelled Hibernation  Hex/Ice        10%        N/A       16%         2
 Poisonous Vapours        Pois/Air       10%        N/A       16%         2
 Swiftness                Air            5%         N/A       32%         3


Dungeon Overview and Level Annotations

Branches:
Dungeon (6/15)
 Temple: D:4-7

Altars:
Ru
Sif Muna
Trog


Innate Abilities, Weirdness & Mutations

You cannot wear most types of armour.
You are amphibious.
You can wear up to eight rings at the same time.
Your skin changes colour to match your surroundings (Stealth+).
Your rubbery body absorbs attacks. (AC +1, EV +1)
((You are camouflaged when in or above water. (Stealth+)))
You have tentacles for arms and can constrict up to eight enemies at once.


Message History

The ice beast is moderately wounded.
The stone arrow misses the ice beast.
The ice beast closely misses you.
The stone arrow hits the ice beast!!
The ice beast is almost dead.
The ice beast hits you. The ice beast freezes you. You resist.
The stone arrow hits the ice beast!
You kill the ice beast!
There is an open door here.
As you open the door, it creaks loudly!
There is an open door here.
You pick up a book of Burglary and begin reading...
You add the spells Ensorcelled Hibernation and Swiftness to your library.
Okay, then.
There is an open door here.
There is an open door here.
There is an open door here.
There is an open door, spattered with blood here.
You see here a bullfrog skeleton.
There is an open door here.
You see here a hound skeleton.
You see here a +0 dagger.
You reach down and open the door.
A two-headed ogre, an orc and an orc priest come into view.
The orc is wielding a +2 hand axe of flaming.
The two-headed ogre shouts in stereo!
You hear a shout! x2
An orc comes into view. It is wielding a +0 war axe.
You reach down and close the door.
You start waiting.
A two-headed ogre and an orc come into view.
The stone arrow hits the two-headed ogre!
The two-headed ogre is moderately wounded.
The stone arrow hits the two-headed ogre!
The two-headed ogre is moderately wounded.
The two-headed ogre hits you with a +0 giant club.
The two-headed ogre hits you with a +0 giant club!
The stone arrow hits the two-headed ogre!!
The two-headed ogre is severely wounded.
The two-headed ogre hits you with a +0 giant club!!
Ouch! That really hurt!
You die...

#####.#.# ......#.###### .#
#######......# .# # ######)# ##.
+ ## #.# #.. .. .## ### #.#
#.#### ..o ..## ##.###.# #.##.###
....
...####...##.######......###.....
......).........@Ooo.......'.....
....###...##.########....###.....
..#..###.###.# ##.#.# .... <###.#
### #.# ###.# ... ####.# #.# #.#
.. .....# ##.# #.# + .#.### #..#
#.# #..# #.## #.# #..#### #.# #.#


You could see a two-headed ogre and 2 orcs.

Vanquished Creatures
  2 black bears (D:4)
  An ice beast (D:6)
  A sky beast (D:5)
  3 ogres
  A phantom (D:5)
  A kobold brigand (D:6)
  A bullfrog (D:6)
  2 scorpions (D:6)
  3 hounds
  2 orc priests (D:6)
  A bullfrog skeleton (D:6)
  A jelly (D:6)
  3 iguanas (D:5)
  4 gnolls (D:5)
  9 adders
  An adder skeleton (D:4)
  A worm (D:2)
  4 dart slugs
  9 orcs
  3 endoplasms
  6 giant cockroaches
  2 hobgoblins
  5 jackals (D:1)
  4 quokkas
  7 ball pythons
  3 bats
  4 frilled lizards
  5 goblins
  3 kobolds
  2 rats (D:1)
94 creatures vanquished.

Notes
Turn   | Place    | Note
-------+----------+-------------------------------------------
     0 | D:1      | Akaron the Octopode Earth Elementalist began the quest for
                  | the Orb.
     0 | D:1      | Reached XP level 1. HP: 11/11 MP: 3/3
   188 | D:1      | Reached XP level 2. HP: 17/17 MP: 1/5
  1128 | D:2      | Reached XP level 3. HP: 21/21 MP: 4/6
  1163 | D:2      | You fall into a shaft and drop 1 floor!
  1520 | D:2      | Learned a level 2 spell: Passwall
  1524 | D:2      | Learned a level 3 spell: Stone Arrow
  1592 | D:2      | Reached XP level 4. HP: 27/27 MP: 5/8
  1874 | D:2      | Found a faded altar of an unknown god.
  2248 | D:3      | Found a shimmering blue altar of Sif Muna.
  2257 | D:3      | Reached skill level 4 in Earth Magic
  2756 | D:4      | Reached XP level 5. HP: 28/31 MP: 5/10
  2761 | D:4      | Learned a level 4 spell: Petrify
  3329 | D:4      | Found a bloodstained altar of Trog.
  3329 | D:4      | Noticed a black bear
  3329 | D:4      | Noticed a black bear
  3460 | D:4      | Reached skill level 1 in Conjurations
  3492 | D:4      | Noticed an ogre
  3498 | D:4      | Killed an ogre
  3499 | D:4      | Reached XP level 6. HP: 36/36 MP: 6/11
  3680 | D:4      | Killed a black bear
  3683 | D:4      | Killed a black bear
  3822 | D:5      | Entered Level 5 of the Dungeon
  3922 | D:5      | Reached XP level 7. HP: 25/41 MP: 3/13
  4084 | D:5      | Reached skill level 5 in Earth Magic
  4528 | D:5      | Found a sacrificial altar of Ru.
  4935 | D:5      | Reached skill level 5 in Spellcasting
  4935 | D:5      | Reached XP level 8. HP: 47/47 MP: 8/15
  5504 | D:6      | Reached skill level 6 in Earth Magic
  5898 | D:6      | Noticed a two-headed ogre
  5915 | D:6      | Slain by a two-headed ogre

Illustrated notes

Levels and vault maps discovered:
D:1:      elethiomel_arrival_quiet, layout_loops_ring
D:2:      layout_basic, ebering_ecumenical_altar_hall
D:3:      layout_loops_ring, mainiacjoe_overflow_cross_hatched
D:4:      layout_basic, trog_ov_bears_minmay
D:5:      layout_loops_cross, mainiacjoe_overflow_catwalk,
          kennysheep_opposing_triangles
D:6:      minmay_clustersquares, layout_loops_corners, minmay_misc_feat_alley,
          uniq_edmund, uniq_sigmund

Skill      XL: |  1  2  3  4  5  6  7  8 |
---------------+-------------------------+-----
Spellcasting   | 3 4 5 |  5.6
Stealth        | 3 |  3.0
Earth Magic    | 4 5 6 |  6.2
Conjurations   | 1 2 3 4 |  4.9
Dodging        | 3 4 |  4.4
Fighting       | |  0.4
Transmutations | |  1.0

Action                   |  1- 3 |  4- 6 |  7- 9 || total
-------------------------+-------+-------+-------++-------
Melee: Hand axe          |       |     1 |       ||     1
 Cast: Sandblast         |    49 |    72 |    22 ||   143
       Stone Arrow       |       |       |    41 ||    41
  Use: Scroll            |       |       |     2 ||     2
Armor: Skin              |       |     1 |       ||     1
Dodge: Dodged            |    10 |    31 |    14 ||    55
